 Dungeon Crawl Stone Soup version 0.30-a0-937-ga0a21ad780 (webtiles) character file.

Game seed: 5331835357123573987

189 Gildedravn the Shooter (level 5, 0/43 HPs)
             Began as a Barachi Hunter on Mar 24, 2023.
             Slain by a kobold brigand
             ... wielding a +0 club
              (2 damage)
             ... on level 4 of the Dungeon on Mar 25, 2023.
             The game lasted 00:06:53 (3226 turns).

Gildedravn the Shooter (Barachi Hunter)             Turns: 3226, Time: 00:06:53

Health: 0/43       AC:  4    Str: 12    XL:     5   Next: 68%
Magic:  0/5        EV: 13    Int:  9    God:
Gold:   184        SH:  0    Dex: 18    Spells: 4/4 levels left

rFire   . . .      SeeInvis .    a - +0 shortbow
rCold   . . .      Faith    .    (shield currently unavailable)
rNeg    . . .      Spirit   +    c - +1 leather armour
rPois   .          Reflect  .    (no helmet)
rElec   .          Rampage  .    (no cloak)
rCorr   .                        (no gloves)
Will    .....                    (no boots)
Stlth   ++                       f - amulet of guardian spirit
HPRegen 0.27/turn                (no ring)
MPRegen 0.09/turn                (no ring)

@: mighty, hasted, very quick
A: amphibious, slowness 1, strong legs 1, +LOS
a: Hop


You were on level 4 of the Dungeon.
You visited 1 branch of the dungeon, and saw 4 of its levels.

You collected 184 gold pieces.

Inventory:

Hand Weapons
 a - a +0 shortbow (weapon)
Armour
 c - a +1 leather armour (worn)
Jewellery
 f - an amulet of guardian spirit (around neck)
 i - the ring of Xish {rN+ Slay+3}
   (You found it on level 3 of the Dungeon)

   [ring of positive energy]

   Slay:      It affects your accuracy & damage with ranged weapons and melee
   (+3).
   rN:        It protects you from negative energy.
Wands
 k - a wand of iceblast (11)
Scrolls
 b - a scroll of immolation
 h - a scroll of teleportation
 j - a scroll of vulnerability {unknown}
 l - a scroll of fear {unknown}
 m - a scroll of silence {unknown}
 n - a scroll of brand weapon {unknown}
 o - a scroll of amnesia {unknown}
 q - a scroll of enchant armour
Potions
 d - a potion of cancellation
 p - a potion of might


   Skills:
 + Level 4.4 Fighting
 + Level 5.0 Ranged Weapons
 + Level 4.0 Dodging
 - Level 0.8 Stealth


You had 4 spell levels left.
You didn't know any spells.
Your spell library contained the following spells:

 Spells                   Type           Power      Damage    Failure   Level
 Lesser Beckoning         Tloc           0%         N/A       61%         2
 Gell's Gravitas          Tloc           0%         N/A       83%         3
 Teleport Other           Tloc           0%         N/A       83%         3


Dungeon Overview and Level Annotations

Branches:
Dungeon (4/15)
 Temple: D:4-7

Altars:
Fedhas

Shops:
D:2 (

Portals:
Abyss: D:3

Annotations:
D:3 2 transporters, ThatPearl's ghost, weakling DsHW


Innate Abilities, Weirdness & Mutations

You are amphibious.
You cover ground slowly.
You can hop short distances.
You have an extended range of vision and can be seen from far away.


Message History

You are too injured to fight recklessly!
You are too injured to fight recklessly!
Unknown command.
Fire: a) +0 shortbow
Press: ? - help, Shift-Dir - straight line, f/p - kobold brigand
Aim: a kobold brigand, wielding a +0 club, wearing a +0 ring mail and quivering curare-tipped darts (purple smoke, severely wounded, unable to see you, 62% to hit)
You shoot an arrow.
The arrow hits the kobold brigand but does no damage.
The kobold brigand is severely wounded.
You flicker back into view.
The rat closely misses you.
The kobold brigand hits you with a +0 club.
* * * LOW HITPOINT WARNING * * *
The dart slug launches a dart at you. The slug dart hits you.
* * * LOW HITPOINT WARNING * * *
Fire: a) +0 shortbow
Press: ? - help, Shift-Dir - straight line, f/p - kobold brigand
Aim: a kobold brigand, wielding a +0 club, wearing a +0 ring mail and quivering curare-tipped darts (purple smoke, severely wounded, 62% to hit)
You shoot an arrow. The arrow hits the kobold brigand.
The kobold brigand is severely wounded.
Fire: a) +0 shortbow
Press: ? - help, Shift-Dir - straight line, f/p - kobold brigand
Aim: a kobold brigand, wielding a +0 club, wearing a +0 ring mail and quivering curare-tipped darts (purple smoke, severely wounded, 62% to hit)
You shoot an arrow.
The arrow hits the kobold brigand but does no damage.
The kobold brigand is severely wounded.
You hear the rusting of a drain nearby.
The kobold brigand misses you. The rat bites you.
* * * LOW HITPOINT WARNING * * *
The dart slug launches a dart at you. The slug dart misses you.
The slug dart hits the kobold brigand.
Fire: a) +0 shortbow
Press: ? - help, Shift-Dir - straight line, f/p - kobold brigand
Aim: a kobold brigand, wielding a +0 club, wearing a +0 ring mail and quivering curare-tipped darts (purple smoke, severely wounded, 62% to hit)
You shoot an arrow.
The arrow closely misses the kobold brigand.
The rat bites you but does no damage.
The kobold brigand hits you with a +0 club.
You die...

...........###....# #.. ###...
###.............# #.# #...
#.).............# #># ##...
#)....#.#...†.#h### ###.####....
.......#.#.......§§###...........
.#...###.#.##.....§[.......####..
#....# #........§r§§§..##### #..
.....# #....#####KB.§....# #..
...... #..### #@rh.[.#..# #..
.#...#.#.## #§w§#§.###.... #..
##..(#........§###..# ##.... ..
## ....... .>.... ##.. .. ......
.#.#.... #.. .. ...... .........
.. ..... .. ....... ..... ...
....... .... ..# ...)...


You could see a kobold brigand, a river rat, a dart slug, a jackal, a giant
cockroach and a rat.

Vanquished Creatures
  A hound (D:4)
  An iguana (D:4)
  4 adders
  2 worms (D:2)
  4 dart slugs
  An orc (D:3)
  5 bats
  5 endoplasms
  7 giant cockroaches
  6 goblins
  8 hobgoblins
  9 jackals
  5 kobolds
  A quokka (D:2)
  10 ball pythons
  4 frilled lizards
  5 rats
78 creatures vanquished.

Vanquished Creatures (others)
  A jackal (D:4)
1 creature vanquished.

Grand Total: 79 creatures vanquished

Notes
Turn   | Place    | Note
-------+----------+-------------------------------------------
     0 | D:1      | Gildedravn the Barachi Hunter began the quest for the Orb.
     0 | D:1      | Reached XP level 1. HP: 17/17 MP: 1/1
   207 | D:1      | Reached XP level 2. HP: 23/23 MP: 2/2
  1122 | D:2      | Reached XP level 3. HP: 29/29 MP: 3/3
  1151 | D:2      | Found Xauggel's Weapon Shop.
  1632 | D:2      | Reached XP level 4. HP: 35/35 MP: 4/4
  2227 | D:3      | Noticed ThatPearl's ghost (weakling DsHW)
  2231 | D:3      | Found a one-way gate to the infinite horrors of the Abyss.
  2244 | D:3      | Found a blossoming altar of Fedhas.
  2318 | D:3      | Identified the ring of Xish {rN+ Slay+3}
  2367 | D:3      | Found a transporter.
  2831 | D:3      | Found a transporter.
  3032 | D:4      | Reached XP level 5. HP: 38/42 MP: 3/5
  3045 | D:4      | Reached skill level 5 in Ranged Weapons
  3111 | D:4      | Noticed a kobold brigand
  3223 | D:4      | HP: 2/43 [dart slug/slug dart (1)]
  3226 | D:4      | Slain by a kobold brigand

Illustrated notes

Levels and vault maps discovered:
D:1:      spicycebolla_green_bress_n_ham_2, layout_basic
D:2:      layout_loops_ring, serial_shops, shop, kennysheep_generic_room_12
D:3:      layout_basic, fedhas_altar_2, gammafunk_ghost_abyssal_escape,
          eino_curves_02, st_stairs_3
D:4:      layout_rooms, minmay_temple_entry_statues_pillars, serial_shops,
          nicolae_diamond_shop, portal_sewer_entry_a, uniq_menkaure

Skill      XL: |  1  2  3  4  5 |
---------------+----------------+-----
Fighting       | 3 4 |  4.4
Dodging        | 3 4 |  4.0
Ranged Weapons | 5 |  5.0
Stealth        | |  0.8

Action                     |  1- 3 |  4- 6 || total
---------------------------+-------+-------++-------
   Fire: Shortbow          |    86 |   160 ||   246
Ability: Hop               |       |     3 ||     3
    Use: Potion            |     7 |     3 ||    10
         Scroll            |     4 |     3 ||     7
 Armour: Leather armour    |     9 |    47 ||    56
  Dodge: Dodged            |    24 |   136 ||   160

Table legend: (Time is in decaauts)
 A = Elapsed time spent in this place.
 B = Non-inter-level travel time spent in this place.
 C = Inter-level travel time spent in this place.
 D = Time resting spent in this place.
 E = Time spent auto-exploring this place.
 F = Levels seen in this place.
 G = Mean time per level.
                   A        B        C        D        E       F      G
               +--------+--------+--------+--------+--------+-----+--------+
         Total |   3736 |   3602 |    134 |    539 |   2418 |   4 |  934.0 |
       Dungeon |   3736 |   3602 |    134 |    539 |   2418 |   4 |  934.0 |
               +--------+--------+--------+--------+--------+-----+--------+

Top non-repeatable levels by time:
     D:3: 1246 daAuts
     D:1: 1227 daAuts
     D:2: 1009 daAuts
     D:4: 253 daAuts
